Map: 光影交错-天梯版

Players

TIME (Oliveira) - Winner!

  • Race: Terran Terran

Cyan

  • Race: Protoss Protoss
  • League: Master

Event: DreamHack SC2 Masters 2021 Winter

VOD

Have the link to the VOD?

Description

Time

  • Played on: Oct. 6, 2021, 9:12 a.m.
  • Length: 14:10

All games in this series

Show
View Real Time Build Order
Export as new Build Order

TIME Terran - Winner!

Build Orders:  

Get SALT Encoding   

  12  0:00  SCV  
  13  0:12  SCV  
  14  0:17  Supply Depot  
  14  0:25  SCV  
  15  0:38  SCV  
  15  0:39  Barracks  
  16  0:43  Refinery  
  16  0:51  SCV  
  17  1:03  SCV  
  18  1:15  SCV  
  19  1:26  Marine  
  19  1:27  Orbital Command  
  20  1:40  Command Center  
  20  1:45  Barracks Reactor  
  20  1:52  SCV  
  21  1:54  Supply Depot  
  21  2:05  SCV  
  21  2:07  Factory  
  22  2:17  SCV  
  22  2:18  Refinery  
  22  2:21  Marine x2  
  25  2:29  SCV  
  26  2:37  Bunker  
  26  2:41  SCV, Marine x2  
  29  2:51  Starport, Hellion  
  31  2:58  Orbital Command  
  31  3:01  SCV  
  31  3:04  Marine, Orbital Command  
  33  3:07  Marine  
  33  3:12  Factory Tech Lab  
  34  3:22  SCV  
  34  3:26  Marine x2  
  37  3:32  SCV  
  37  3:33  Supply Depot  
  38  3:34  SCV  
  38  3:37  Raven  
  38  3:38  Factory Tech Lab  
  41  3:44  SCV  
  41  3:46  SCV, Marine x2  
  45  3:50  Barracks  
  45  3:57  SCV, Siege Tank  
  45  4:00  Supply Depot  
  45  4:01  SCV  
  50  4:08  Barracks  
  50  4:10  Marine  
  50  4:11  SCV  
  50  4:14  SCV  
  53  4:19  Engineering Bay  
  53  4:23  SCV  
  54  4:25  Refinery  
  54  4:26  SCV  
  54  4:29  Supply Depot  
  54  4:30  Marine x2  
  57  4:36  SCV  
  57  4:38  Siege Tank  
  61  4:40  SCV  
  62  4:47  Stimpack  
  62  4:50  Marine x2  
  62  4:51  SCV  
  66  4:52  SCV  
  66  4:53  Supply Depot  
  66  4:55  Marine  
  66  4:59  Starport Reactor, Marine  
  68  5:01  Terran Infantry Weapons Level 1  
  68  5:03  SCV  
  69  5:10  Supply Depot  
  69  5:15  Marauder, Marine  
  69  5:18  SCV x2  
  69  5:19  Factory Reactor  
  69  5:21  Refinery  
  74  5:24  Combat Shield  
  74  5:25  Marauder  
  76  5:30  SCV, Marine  
  76  5:32  SCV  
  76  5:33  Supply Depot, Marine  
  80  5:38  Marauder  
  80  5:39  Supply Depot  
  82  5:43  SCV  
  83  5:50  Medivac, Marine  
  83  5:54  Marine  
  83  5:55  Marauder, Medivac  
  83  5:56  Supply Depot  
  91  6:09  Marauder  
  92  6:14  Widow Mine x2  
  94  6:18  Marine x2  
  94  6:19  Marauder  
  94  6:24  Supply Depot  
  98  6:26  Medivac x2  
  98  6:28  Command Center  
  98  6:30  SCV  
  103  6:35  Marauder  
  103  6:41  Marine x2  
  103  6:42  Marauder  
  103  6:47  Supply Depot, Widow Mine x2  
  104  6:51  SCV  
  109  7:02  Marine  
  109  7:03  Marauder  
  109  7:10  Marine  
  97  7:23  Marine  
  97  7:24  Marine  
  97  7:25  Marauder  
  97  7:27  Medivac  
  97  7:28  Widow Mine x2, Medivac, SCV, Marine  
  98  7:30  SCV  
  98  7:33  Terran Infantry Armor Level 1  
  98  7:34  Barracks x2  
  99  7:41  Marine  
  99  7:43  Marauder  
  102  7:44  Orbital Command  
  102  7:45  Marine  
  102  7:46  SCV, Marine  
  105  7:59  Marine  
  105  8:03  Marine  
  105  8:04  Marauder  
  102  8:07  SCV  
  102  8:08  Viking x2  
  102  8:12  SCV  
  103  8:13  SCV  
  103  8:16  Marine  
  103  8:17  Marine  
  103  8:18  Siege Tank  
  103  8:19  SCV  
  109  8:23  Barracks Tech Lab  
  109  8:24  SCV, Barracks Tech Lab  
  109  8:25  SCV, Engineering Bay, Armory  
  109  8:26  Marauder, Marine  
  113  8:31  SCV  
  115  8:36  SCV, Marine x2  
  115  8:38  SCV  
  115  8:40  Viking x2  
  123  8:43  SCV  
  123  8:44  Marauder x2, Marine  
  123  8:45  Marine  
  123  8:48  SCV  
  131  8:50  SCV  
  131  8:51  Supply Depot  
  131  8:53  Supply Depot  
  132  8:56  SCV  
  132  8:57  Siege Tank  
  132  8:59  Refinery, Marine  
  132  9:00  SCV, Refinery  
  132  9:02  SCV  
  139  9:08  SCV, Marine  
  141  9:10  Concussive Shells  
  141  9:12  Viking x2, Marine  
  141  9:13  Marauder, Terran Infantry Weapons Level 2, SCV  
  141  9:14  SCV  
  150  9:17  Supply Depot  
  150  9:18  Supply Depot  
  150  9:21  Marauder x2  
  153  9:27  SCV  
  153  9:28  SCV  
  155  9:34  Marauder  
  156  9:38  Siege Tank  
  156  9:39  Command Center, Marine  
  156  9:43  Marauder  
  164  9:45  Supply Depot  
  164  9:46  Marauder, Bunker, Marine  
  164  9:49  Viking  
  164  9:52  Terran Infantry Armor Level 2  
  167  9:57  Marauder, Marine x3  
  172  10:04  Marine  
  172  10:07  Marauder, Supply Depot  
  172  10:08  Supply Depot  
  172  10:11  Missile Turret  
  174  10:19  Marine  
  174  10:20  Marauder, Marine x2  
  175  10:23  SCV  
  175  10:24  Marine x2  
  175  10:26  Siege Tank  
  178  10:29  Marauder  
  179  10:37  Ghost Academy  
  179  10:39  Marine x2  
  179  10:42  Marauder  
  183  10:43  Missile Turret  
  183  10:47  Marine  
  183  10:48  Marauder  
  186  10:51  Medivac x2  
  186  10:54  SCV  
  180  11:15  Ghost x3  
  177  11:19  Planetary Fortress  
  177  11:21  Siege Tank  
  177  11:23  Enhanced Shockwaves  
  180  11:26  Marine  
  180  11:28  Sensor Tower  
  181  11:33  SCV x2  
  181  11:35  Missile Turret, SCV  
  183  11:43  Marine  
  183  11:46  Marauder x2  
  184  11:48  Viking x2  
  184  11:50  Refinery  
  184  11:53  SCV x3  
  191  11:55  Missile Turret, Marine  
  191  11:57  Marine x2  
  191  11:58  Marauder  
  196  12:07  SCV x2  
  197  12:15  Missile Turret  
  197  12:20  Marine  
  197  12:21  Marauder  
  197  12:22  Marauder, Marine x3  
  196  12:23  Marauder, Siege Tank  
  199  12:41  Marine  
  199  12:43  Marauder, Marine x2  
  189  12:48  Marine x2  
  189  12:49  Marauder  
  160  12:59  Marine  
  160  13:00  Marine x2  
  160  13:04  SCV, Ghost  
  161  13:06  Command Center, Ghost  
  161  13:07  Barracks x2  
  161  13:08  Barracks  
  161  13:09  Viking  
  161  13:10  Marauder, Viking  
  164  13:14  Marine  
  164  13:17  Marine  
  164  13:18  Marine x2  
  163  13:22  Siege Tank  
  166  13:32  Marauder, Marine  
  168  13:35  Marine x2  
  168  13:36  Marauder  
  168  13:38  Marine x2  
  163  13:45  SCV  
  163  13:46  SCV  
  165  13:49  Marine  
Show
View Real Time Build Order
Export as new Build Order

Cyan Protoss 

Build Orders: 1 Gate Expand, Blink Stalkers, Colossus Rush 

Get SALT Encoding   

  12  0:00  Probe  
  13  0:12  Probe  
  14  0:18  Pylon  
  14  0:25  Probe (Chrono Boost)  
  15  0:37  Gateway, Probe (Chrono Boost)  
  16  0:45  Probe (Chrono Boost)  
  16  0:46  Assimilator  
  17  0:51  Probe  
  18  1:03  Probe  
  19  1:15  Probe  
  20  1:24  Cybernetics Core  
  20  1:31  Nexus  
  20  1:34  Probe  
  21  1:41  Pylon  
  21  1:46  Probe  
  22  1:50  Assimilator  
  22  1:58  Adept (Chrono Boost), Probe  
  22  2:00  Warp Gate  
  25  2:11  Probe  
  26  2:18  Adept (Chrono Boost)  
  28  2:23  Probe  
  28  2:27  Twilight Council  
  29  2:36  Probe (Chrono Boost)  
  30  2:43  Stalker  
  33  2:44  Probe (Chrono Boost)  
  33  2:50  Gateway  
  34  2:53  Probe (Chrono Boost)  
  34  2:54  Probe (Chrono Boost)  
  35  2:58  Probe (Chrono Boost)  
  35  2:59  Blink (Chrono Boost), Probe (Chrono Boost)  
  37  3:10  Probe  
  37  3:11  Probe  
  39  3:22  Probe  
  39  3:23  Probe  
  39  3:25  Robotics Facility  
  41  3:29  Gateway  
  41  3:34  Probe, Pylon  
  41  3:36  Probe  
  43  3:46  Probe  
  43  3:48  Probe  
  45  3:52  Stalker x2  
  49  3:58  Probe  
  50  4:04  Nexus  
  50  4:08  Pylon  
  51  4:10  Probe  
  51  4:12  Observer, Probe  
  51  4:15  Assimilator  
  53  4:17  Assimilator  
  53  4:23  Probe  
  54  4:26  Probe  
  54  4:27  Stalker  
  54  4:28  Stalker  
  59  4:34  Observer  
  59  4:35  Probe, Pylon  
  61  4:38  Probe, Pylon  
  62  4:50  Robotics Bay  
  62  4:52  Forge  
  62  4:53  Probe x2  
  62  4:57  Observer  
  65  5:01  Observer  
  65  5:02  Pylon  
  65  5:05  Probe x2  
  67  5:16  Probe  
  67  5:17  Observer, Probe, Gateway  
  67  5:18  Gateway, Probe  
  70  5:22  Protoss Ground Weapons Level 1 (Chrono Boost)  
  70  5:24  Pylon  
  70  5:25  Pylon  
  70  5:32  Probe, Charge (Chrono Boost)  
  70  5:34  Probe  
  70  5:35  Colossus (Chrono Boost)  
  72  5:41  Probe  
  79  5:45  Probe  
  79  5:47  Probe  
  81  5:50  Gateway, Shield Battery  
  81  5:53  Gateway  
  81  5:57  Extended Thermal Lance  
  81  5:59  Probe  
  81  6:01  Stalker  
  84  6:05  Stalker  
  84  6:08  Probe  
  84  6:09  Observer  
  85  6:17  Colossus (Chrono Boost), Zealot x2  
  88  6:22  Zealot  
  96  6:25  Shield Battery  
  96  6:27  Pylon  
  96  6:29  Shield Battery  
  96  6:39  Zealot x4  
  101  6:48  Sentry x2  
  101  6:49  Zealot  
  99  7:08  Zealot  
  99  7:09  Zealot x4  
  99  7:15  Colossus  
  97  7:19  Zealot x2  
  93  7:27  Protoss Ground Armor Level 1 (Chrono Boost)  
  93  7:29  Probe  
  93  7:30  Probe  
  93  7:33  Probe  
  93  7:37  Gateway, Zealot x5  
  94  7:38  Gateway  
  94  7:42  Probe x2  
  106  7:45  Probe  
  106  7:46  Assimilator  
  106  7:50  Stalker, Assimilator  
  106  7:51  Stalker  
  110  7:53  Pylon  
  110  7:54  Probe, Pylon  
  105  8:06  Pylon  
  111  8:13  Gateway  
  111  8:14  Gateway  
  111  8:15  Warp Prism (Chrono Boost), Stalker x2  
  111  8:16  Gravitic Drive (Chrono Boost)  
  111  8:20  Probe  
  111  8:23  Stalker, Sentry  
  111  8:24  Stalker  
  118  8:30  Photon Cannon  
  118  8:31  Shield Battery  
  118  8:35  Stalker x2  
  122  8:42  Templar Archives  
  122  8:45  Stalker x2  
  126  8:49  Zealot  
  126  8:51  Zealot  
  126  8:55  Zealot  
  131  9:05  Disruptor (Chrono Boost)  
  130  9:11  Photon Cannon  
  130  9:12  Photon Cannon  
  130  9:15  Photon Cannon  
  130  9:17  Protoss Ground Weapons Level 2 (Chrono Boost)  
  130  9:24  Zealot  
  130  9:27  Pylon x2  
  130  9:29  Pylon x2  
  132  9:42  Nexus  
  132  9:45  Disruptor (Chrono Boost)  
  135  9:47  Zealot x2  
  135  9:50  Zealot  
  141  9:58  Zealot  
  141  9:59  Robotics Facility  
  143  10:00  Shield Battery  
  143  10:07  Shield Battery  
  143  10:08  Shield Battery  
  143  10:16  Zealot x4  
  139  10:25  Probe x2  
  139  10:28  High Templar x5  
  146  10:31  High Templar  
  146  10:32  Archon x2  
  146  10:34  Pylon  
  144  10:35  Archon  
  144  10:42  Zealot x3  
  153  10:44  Disruptor (Chrono Boost)  
  153  10:53  Shield Battery  
  153  10:54  Probe, Shield Battery  
  153  10:55  Photon Cannon, Probe x2, Disruptor (Chrono Boost)  
  156  10:58  Dark Shrine  
  140  11:14  Disruptor  
  143  11:24  Disruptor  
  146  11:27  Zealot x9  
  146  11:29  Observer  
  156  11:48  Probe x3  
  156  11:50  Gravitic Boosters (Chrono Boost), Disruptor  
  160  11:56  Nexus, Pylon  
  160  11:59  Forge  
  160  12:00  Disruptor  
  163  12:05  Assimilator  
  163  12:08  Probe x3, Shadow Stride (Chrono Boost)  
  166  12:09  Assimilator  
  166  12:11  Gateway  
  166  12:20  Stalker x4  
  166  12:26  Observer  
  166  12:36  Observer  
  165  12:37  Nexus  
  165  12:38  Pylon  
  154  12:50  Zealot x7  
  154  12:51  Zealot  
  136  12:52  Disruptor (Chrono Boost)  
  110  13:00  Stalker  
  98  13:08  Dark Templar  
  98  13:09  Disruptor (Chrono Boost)  
  101  13:17  Stalker  
  101  13:18  Stalker x6  
  101  13:36  Dark Templar x2  
  85  13:44  Stalker  

Tags
 
Add a new tag
Caveats
  • Supply blocks, unpowered buildings, or Contaminate may cause inaccurate times.
  • Supply counts are checked every 10 seconds.